AoeStats
← Chlupinek

Hill Fort

506939418Analyzed
4v4 RM · 15d ago on Sep 15, 2026· 48m 35s· 8 players
Game mode
Random Map
Map size
Large (8 player)
Population
200
Speed
Normal
Resources
Standard
Victory
Conquest
Starting age
Dark Age
Ending age
Imperial Age
RankedLock teamsTeams togetherTeam positionsShared explorationLock speedFull tech treeHidden civsTurbo modeCheats
Victory
Defeat
🇺🇸 Maya · United States
1746
+10
🇲🇽 Dravidians · Mexico
1734
+11
🇨🇿 Britons · Czechia
1687
+13
🇨🇱 Vietnamese · Chile
1641
+14
🇨🇳 Saracens · China
1646
-13
🇨🇿 Gurjaras · Czechia
1625
-12
🇺🇸 Khmer · United States
1600
-12
🇨🇳 Teutons · China
1599
-11
Franczesco
4:41 Loom
8:48 Feudal Age
9:28 Double-Bit Axe
9:26 Horse Collar
16:06 Wheelbarrow
15:48 Gold Mining
19:32 Castle Age
20:36 Bow Saw
20:27 Heavy Plow
22:14 Gold Shaft Mining
22:05 Light Cavalry
23:02 Scale Barding Armor
24:08 Husbandry
24:27 Forging
27:40 Bloodlines
28:33 Chain Barding Armor
34:53 Imperial Age
32:21 Fletching
32:53 Ballistics
33:48 Hand Cart
34:20 Bodkin Arrow
34:34 Thumb Ring
35:20 Padded Archer Armor
35:39 Bracer
36:40 Chemistry
36:17 Kshatriyas
36:25 Stone Mining
37:08 Crop Rotation
38:12 Elite Elephant Archer
40:36 Leather Archer Armor
42:06 Conscription
43:33 Caravan
AlDebaran
8:38 Feudal Age
12:39 Wheelbarrow
12:19 Fletching
17:15 Double-Bit Axe
20:50 Loom
24:24 Castle Age
22:38 Horse Collar
26:20 Heavy Plow
26:23 Bodkin Arrow
26:31 Padded Archer Armor
27:26 Bow Saw
30:12 Leather Archer Armor
29:53 Elite Skirmisher
35:06 Masonry
36:32 Ballistics
40:38 Imperial Age
42:15 Bracer
Bz_青红
9:45 Feudal Age
13:50 Castle Age
12:18 Double-Bit Axe
12:53 Horse Collar
20:01 Loom
21:09 Wheelbarrow
20:51 Bow Saw
21:15 Heavy Plow
24:45 Hand Cart
27:21 Town Watch
31:54 Imperial Age
29:38 Gold Mining
30:17 Scale Barding Armor
31:23 Forging
32:23 Chain Barding Armor
32:17 Bloodlines
33:08 Conscription
32:15 Elite Mameluke
34:25 Plate Barding Armor
34:26 Iron Casting
34:51 Conscription
36:09 Husbandry
38:50 Blast Furnace
37:48 Capped Ram
38:49 Siege Ram
超级硬邦邦
8:52 Loom
11:05 Feudal Age
15:12 Castle Age
13:26 Double-Bit Axe
13:40 Horse Collar
17:03 Bow Saw
21:43 Wheelbarrow
22:55 Hand Cart
23:45 Town Watch
24:12 Gold Mining
24:14 Stone Mining
26:08 Bloodlines
26:29 Scale Barding Armor
28:03 Forging
28:14 Chain Barding Armor
32:38 Imperial Age
32:08 Stone Shaft Mining
31:55 Heavy Plow
32:44 Cavalier
34:01 Plate Barding Armor
34:02 Iron Casting
34:55 Paladin
38:38 Blast Furnace
37:40 Scale Mail Armor
38:03 Conscription
42:17 Chain Mail Armor
43:19 Elite Teutonic Knight
47:39 Two-Man Saw
47:37 Ballistics
Dapper Don
0:25 Loom
11:44 Feudal Age
16:29 Castle Age
15:53 Gold Mining
15:49 Double-Bit Axe
17:31 Bow Saw
18:06 Horse Collar
18:54 Fletching
20:40 Bodkin Arrow
23:07 Ballistics
22:54 Padded Archer Armor
26:38 Wheelbarrow
27:52 Hand Cart
33:40 Imperial Age
30:57 Town Watch
31:57 Stone Mining
32:37 Leather Archer Armor
32:58 Scale Mail Armor
32:38 Eagle Warrior
33:31 Forging
34:38 Chain Mail Armor
34:35 Elite Eagle Warrior
35:16 Squires
36:27 Iron Casting
37:09 Conscription
38:00 Two-Man Saw
38:33 Plate Mail Armor
39:47 Blast Furnace
40:15 Holcans
39:29 Pikeman
39:38 Capped Ram
41:11 Arson
42:50 Halberdier
44:01 Siege Ram
48:05 Caravan
VL Mibel
10:51 Feudal Age
14:39 Castle Age
12:53 Horse Collar
13:00 Double-Bit Axe
13:20 Loom
16:12 Bow Saw
18:30 Wheelbarrow
22:56 Town Watch
24:29 Hand Cart
26:35 Heavy Plow
31:05 Imperial Age
30:06 Fletching
30:52 Thumb Ring
30:42 Bodkin Arrow
30:48 Padded Archer Armor
31:56 Bracer
31:51 Gold Mining
32:49 Ballistics
32:50 Scale Mail Armor
33:36 Elite Elephant Archer
35:35 Chemistry
35:33 Leather Archer Armor
35:30 Medical Corps
39:27 Wootz Steel
41:48 Ring Archer Armor
41:37 Husbandry
43:24 Caravan
44:34 Forging
44:40 Chain Mail Armor
44:30 Scale Barding Armor
43:55 Siege Elephant
45:11 Masonry
46:12 Conscription
46:28 Hoardings
HR Fast_PIG
11:44 Feudal Age
16:04 Castle Age
14:44 Gold Mining
15:06 Double-Bit Axe
16:16 Loom
17:07 Fletching
17:57 Bodkin Arrow
19:45 Bow Saw
23:21 Padded Archer Armor
24:21 Ballistics
28:23 Wheelbarrow
34:20 Imperial Age
35:08 Bracer
36:10 Chemistry
37:50 Leather Archer Armor
38:17 Hand Cart
38:52 Elite Rattan Archer
40:48 Ring Archer Armor
42:40 Two-Man Saw
41:22 Horse Collar
42:18 Paper Money
42:35 Capped Ram
Chlupinek
10:23 Feudal Age
14:26 Castle Age
12:37 Horse Collar
13:36 Double-Bit Axe
22:44 Loom
24:10 Heavy Plow
25:25 Bow Saw
26:49 Wheelbarrow
31:26 Imperial Age
31:34 Imperial Age
29:00 Pikeman
29:41 Scale Mail Armor
29:38 Gold Mining
29:43 Stone Mining
31:05 Hand Cart
31:06 Chain Mail Armor
32:11 Gold Shaft Mining
31:50 Forging
31:43 Squires
31:28 Arson
31:53 Town Watch
31:49 Halberdier
33:57 Two-Man Saw
33:39 Conscription
34:22 Plate Mail Armor
35:14 Chemistry
34:27 Town Patrol
35:48 Fletching
36:19 Ballistics
37:01 Iron Casting
36:41 Masonry
37:12 Hoardings
36:48 Bodkin Arrow
38:25 Architecture
38:21 Bracer
38:29 Siege Engineers
39:16 Man-at-Arms
39:41 Gambesons
40:58 Blast Furnace
41:33 Padded Archer Armor
41:14 Treadmill Crane
41:17 Crossbowman
41:20 Elite Longbowman
41:41 Arbalester
42:41 Caravan
43:13 Leather Archer Armor
45:53 Ring Archer Armor
46:54 Yeomen
46:56 Murder Holes
48:31 Coinage
Connection lost

Rejoining the realm…

Still unreachable

The connection could not be restored.

Session expired

The server has moved on; the page needs a fresh start.